 Dungeon Crawl Stone Soup version bcrawl-1.12-10-g10a67aac0f (webtiles) character file.

Game seed: 13014758979342038403

8 MisterOstroum the Sneak (level 2, 0/23 HPs)
             Began as a Formicid Archaeologist on June 14, 2019.
             Slain by a leopard gecko (2 damage)
             ... on level 1 of the Dungeon.
             The game lasted 00:01:28 (327 turns).

MisterOstroum the Sneak (Formicid Archaeologist)     Turns: 327, Time: 00:01:29

Health: 0/23       AC:  7    Str: 15    XL:     2   Next: 15%
Magic:  2/2        EV: 12    Int: 13    God:
Gold:   12         SH:  0    Dex:  9    Spells: 1/1 levels left

rFire    . . .     SeeInvis +   (no weapon)
rCold    . . .     Gourm    .   (no shield)
rNeg     . . .     Faith    .   a - +1 robe
rPois    .         Spirit   .   (helmet unavailable)
rElec    .         Reflect  .   (no cloak)
rCorr    .         Harm     .   c - +1 pair of gloves
MR       .....                  b - +1 pair of boots
Stlth    ++........             (no amulet)
HPRegen  0.07/turn              (no ring)
MPRegen  0.08/turn              (no ring)

@: no status effects
A: permanent stasis, dig shafts and tunnels, four strong arms, antennae 3
a: Dig, Shaft Self


You were on level 1 of the Dungeon.
You were not hungry.

You visited 1 branch of the dungeon, and saw 1 of its levels.

You collected 12 gold pieces.

Inventory:

Armour
 a - a +1 robe (worn)
 b - a +1 pair of boots (worn)
 c - a +1 pair of gloves (worn)
Potions
 g - a potion of heal wounds {unknown}
Miscellaneous
 d - a dusty tome
 f - an ancient crate
Comestibles
 e - a ration {!d}


   Skills:
 + Level 2.3 Fighting
 - Level 2.6 Dodging
 - Level 4.0 Stealth


You had one spell level left.
You didn't know any spells.
Your spell library was empty.

Dungeon Overview and Level Annotations

Branches:
Dungeon (1/12)

Altars:


Innate Abilities, Weirdness & Mutations

You cannot be hasted, slowed, berserked, paralysed or teleported.
You can dig through walls and to a lower floor.
Your four strong arms can wield two-handed weapons with a shield.
You have a pair of large antennae on your head. (SInv)


Message History

You miss the goblin. The goblin barely misses you.
You hit the goblin.
The goblin is severely wounded.
The goblin hits you but does no damage.
You hit the goblin.
You kill the goblin!
The bat misses you. x2
You barely miss the bat. The bat closely misses you.
You hit the leopard gecko but do no damage.
The leopard gecko closely misses you.
You closely miss the leopard gecko.
The leopard gecko bites you but does no damage. x2
You miss the leopard gecko. The leopard gecko barely misses you.
You barely miss the leopard gecko. The leopard gecko misses you.
You hit the leopard gecko but do no damage.
The leopard gecko barely misses you.
You miss the leopard gecko. The leopard gecko misses you.
You hit the leopard gecko but do no damage.
The leopard gecko misses you.
The leopard gecko bites you but does no damage.
You closely miss the leopard gecko. The leopard gecko closely misses you.
You hit the leopard gecko but do no damage.
The leopard gecko bites you but does no damage.
You barely miss the leopard gecko. The leopard gecko misses you.
You hit the leopard gecko but do no damage.
The leopard gecko misses you.
You barely miss the leopard gecko. The leopard gecko bites you.
The leopard gecko barely misses you.
You hit the leopard gecko.
The leopard gecko is heavily wounded.
The leopard gecko closely misses you.
You barely miss the leopard gecko.
The leopard gecko is heavily wounded.
The leopard gecko misses you.
You hit the leopard gecko but do no damage.
The leopard gecko is heavily wounded.
The leopard gecko closely misses you.
You miss the leopard gecko.
The leopard gecko is heavily wounded.
The leopard gecko closely misses you.
You hit the leopard gecko but do no damage.
The leopard gecko is heavily wounded.
The leopard gecko barely misses you.
The leopard gecko completely misses you.
You barely miss the leopard gecko.
The leopard gecko is moderately wounded.
The leopard gecko bites you.
* * * LOW HITPOINT WARNING * * *
You barely miss the leopard gecko.
The leopard gecko is moderately wounded.
The leopard gecko completely misses you.
The leopard gecko barely misses you. The bat hits you but does no damage.
The bat misses you. The bat hits you but does no damage.
The bat closely misses you. The bat closely misses you.
The leopard gecko bites you.
* * * LOW HITPOINT WARNING * * *
The bat barely misses you. The bat closely misses you.
The leopard gecko barely misses you. The bat hits you but does no damage.
The bat closely misses you. The bat hits you but does no damage.
The bat closely misses you. The bat hits you but does no damage.
The bat hits you but does no damage. The bat closely misses you.
The bat barely misses you. The bat misses you. The bat barely misses you.
The bat misses you. The bat closely misses you.
The bat hits you but does no damage. x2
You hit the bat.
The bat is moderately wounded.
The bat misses you. The bat hits you but does no damage.
You barely miss the bat.
The bat is moderately wounded.
The bat closely misses you. The bat hits you.
* * * LOW HITPOINT WARNING * * *
You hit the bat.
You kill the bat!
The leopard gecko misses you.
The leopard gecko hisses menacingly.
The leopard gecko bites you but does no damage.
The leopard gecko closely misses you. The leopard gecko closely misses you.
Some of the chunks of flesh in your inventory have rotted away.
The leopard gecko bites you.
* * * LOW HITPOINT WARNING * * *
The leopard gecko barely misses you.
The leopard gecko hisses menacingly.
The leopard gecko bites you.
* * * LOW HITPOINT WARNING * * *
The leopard gecko misses you.
You see here a cursed +0 club.
All of the chunks of flesh in your inventory have rotted away.
There is an open door here.
You see here a goblin corpse.
The leopard gecko bites you.
You die...

### ############# #.#
#...........##########.# ##
#......)....†).......#.###.
#.........@l##....##.#.#.'.
+...........##....##.#.#.#.
#...........##....##.#.#.#.
..............+...........+.
#####+#####.###.........#.#.
#........# #.....##....##
#........# #.....##....#
#####........# #.....##....#
.............# #####.##....#


You could see a leopard gecko.

Vanquished Creatures
  A leopard gecko (D:1)
  2 goblins (D:1)
  2 hobgoblins (D:1)
  A bat (D:1)
6 creatures vanquished.

Notes
Turn   | Place    | Note
-------+----------+-------------------------------------------
     0 | D:1      | MisterOstroum the Formicid Archaeologist began the quest
                  | for the Orb.
     0 | D:1      | Reached XP level 1. HP: 15/15 MP: 1/1
   211 | D:1      | Reached XP level 2. HP: 10/22 MP: 2/2
   316 | D:1      | HP: 1/23 [leopard gecko (4)]
   327 | D:1      | Slain by a leopard gecko

Skill      XL: |  1 |
---------------+----+-----
Fighting       | 2 |  2.3
Dodging        | |  2.6
Stealth        | |  4.0

Action                   || total
-------------------------++-------
Melee: Unarmed           ||    67
 Stab: Sleeping          ||     1
Armor: Robe              ||    39
Dodge: Dodged            ||    73
